 Dungeon Sprint DCSS version 0.28-a0-429-g1448048969 (webtiles) character file.

Game seed: 14157555651349502932

6862 dolemite99 the Ogreish Cataclysm (level 11, -2/131 HPs)
             Began as an Ogre Monk on Sept 11, 2021.
             Was a High Priest of Qazlal.
             Killed from afar by Femareat the pandemonium lord (56 damage)
             ... with a bolt of acid
             ... in the Dungeon (Sprint V: "Ziggurat Sprint").
             The game lasted 00:06:22 (1113 turns).

dolemite99 the Ogreish Cataclysm (Ogre Monk)        Turns: 1113, Time: 00:06:23

Health: -2/131     AC: 16    Str: 24    XL:     11   Next: 6%
Magic:  6/22       EV:  1    Int: 15    God:    Qazlal [*****.]
Gold:   0          SH: 36    Dex: 11    Spells: 10/10 levels left

rFire   . . .      SeeInvis .   a - +0 hand axe
rCold   . . .      Faith    .   H - +18 shield of the Gong {rElec rN+ Will+ EV-5}
rNeg    + . .      Spirit   .   v - +5 storm dragon scales
rPois   .          Reflect  .   (helmet restricted)
rElec   +          Harm     .   (no cloak)
rCorr   .          Rampage  .   (gloves unavailable)
Will    ++...      NoTele   +   (boots unavailable)
Stlth   ..........              (no amulet)
HPRegen 0.31/turn               W - ring "Ziewiji" {AC+4 Int+4}
MPRegen 0.18/turn               F - +6 ring of strength

@: lethally poisoned (-2 -> -4), corroded, studying 2 skills, repel missiles
A: large, unfitting armour, tough skin 1, weak 1
a: Renounce Religion, Upheaval, Elemental Force, Disaster Area


You were in the Dungeon.
You worshipped Qazlal.
Qazlal was extremely pleased with you.
You visited 1 branch

Inventory:

Hand Weapons
 a - a +0 hand axe (weapon)
 G - the +14 obsidian axe {vorpal, Mesm Drain Fly SInv}
   (You found it in the Dungeon)

   It inflicts extra damage upon your enemies.
   It occasionally summons demons to assist the wielder when it strikes in
   combat.
   Its wielder is mesmerised by any visible foes.
   It cannot be unequipped while any foes are visible.
   SInv:      It lets you see invisible.
   Fly:       It grants you flight.
   Drain:     It drains your maximum health when unequipped.
 I - the +8 lance "Wyrmbane" {slay drac, rPois rF+ rC+ AC+3}
   (You found it in the Dungeon)

   It inflicts extra damage against dragons and draconians.
   AC:        It affects your AC (+3).
   rF:        It protects you from fire.
   rC:        It protects you from cold.
   rPois:     It protects you from poison.
 J - a +5 fustibalus
 K - a +5 hand crossbow
 N - a +5 broad axe
 O - a +5 demon whip
 Q - a +1 vorpal flail
 V - a +2 flail of protection
 Y - the +7 flail "Udir" {protect, rC++ Int+3 Dex-4}
   (You found it in the Dungeon)

   It grants its wielder temporary protection when it strikes (+7 to AC).
   Int:       It affects your intelligence (+3).
   Dex:       It affects your dexterity (-4).
   rC:        It greatly protects you from cold.
 Z - the +6 spear of the Morning {vamp, Str+6 Dex+3}
   (You found it in the Dungeon)

   It occasionally heals its wielder for a portion of the damage dealt when it
   wounds a living foe.
   Str:       It affects your strength (+6).
   Dex:       It affects your dexterity (+3).
Missiles
 L - 1000 bolts
 M - 1000 sling bullets
Armour
 b - a +0 robe
 s - a +3 kite shield
 t - a +3 tower shield
 u - +5 shadow dragon scales
 v - +5 storm dragon scales (worn)
 H - the +18 shield of the Gong (worn) {rElec rN+ Will+ EV-5}
   (You found it in the Dungeon)

   It is deafeningly noisy when blocking attacks.
   EV:        It affects your evasion (-5).
   rElec:     It insulates you from electricity.
   rN:        It protects you from negative energy.
   Will:      It increases your willpower.
Magical Staves
 R - a staff of earth
 S - a staff of death
 X - a staff of poison
Jewellery
 z - a ring of flight
 A - a +6 ring of dexterity
 B - a +6 ring of dexterity
 C - a +6 ring of intelligence
 D - a +6 ring of intelligence
 E - a +6 ring of strength
 F - a +6 ring of strength (right hand)
 T - a +6 ring of dexterity
 U - the ring of Impatience {rPois Will+}
   (You found it in the Dungeon)

   [ring of willpower]

   rPois:     It protects you from poison.
   Will:      It increases your willpower.
 W - the ring "Ziewiji" (left hand) {AC+4 Int+4}
   (You found it in the Dungeon)

   [ring of protection]

   AC:        It affects your AC (+4).
   Int:       It affects your intelligence (+4).
Wands
 w - a wand of mindburst (7)
 x - a wand of iceblast (1)
 y - a wand of acid (1)
Scrolls
 h - 3 scrolls of blinking
 n - 4 scrolls of amnesia
 o - 7 scrolls of fog
 q - 5 scrolls of identify {@r1}
 r - 2 scrolls of fear
Potions
 c - 9 potions of curing
 d - 10 potions of heal wounds
 e - 6 potions of haste
 f - 7 potions of magic
 g - 2 potions of berserk rage
 i - 2 potions of brilliance
 j - a potion of invisibility
 k - 4 potions of resistance
 l - a potion of experience
 m - 5 potions of might
Miscellaneous
 P - a lightning rod (4/4)


   Skills:
 - Level 14.4 Fighting
 + Level 5.4 Axes
 - Level 2.6 Dodging
 - Level 1.4 Stealth
 - Level 12.2 Shields
 + Level 15.0 Invocations
 - Level 11.5 Evocations


You had 10 spell levels left.
You didn't know any spells.
Your spell library contained the following spells:

 Spells                   Type           Power      Damage    Failure   Level
 Apportation              Tloc           0%         N/A       93%         1
 Foxfire                  Conj/Fire      0%         2x1d4     93%         1
 Magic Dart               Conj           0%         1d3       93%         1
 Sting                    Tmut/Pois      0%         1d3       93%         1
 Slow                     Hex            0%         N/A       98%         2
 Static Discharge         Conj/Air       0%         N/A       98%         2
 Confusing Touch          Hex            0%         N/A       100%        3
 Dispel Undead            Necr           0%         3d6       100%        4
 Fulminant Prism          Conj/Hex       0%         3d6       100%        4
 Hailstorm                Conj/Ice       0%         3d3       100%        4
 Ice Form                 Ice/Tmut       0%         N/A       100%        4
 Iskenderun's Mystic Bla  Conj/Tloc      0%         2d3       100%        4
 Petrify                  Tmut/Erth      0%         N/A       100%        4
 Sticky Flame             Conj/Fire      0%         2d3       100%        4
 Lee's Rapid Deconstruct  Erth           0%         3d5*      100%        5
 Metabolic Englaciation   Hex/Ice        0%         N/A       100%        5
 Yara's Violent Unravell  Hex/Tmut       0%         3d3       100%        5
 Simulacrum               Ice/Necr       0%         N/A       100%        6
 Statue Form              Tmut/Erth      0%         N/A       100%        6
 Storm Form               Tmut/Air       0%         N/A       100%        7
 Necromutation            Tmut/Necr      0%         N/A       100%        8


Dungeon Overview and Level Annotations

Branches:
Dungeon (1/1)

Altars:
Ashenzari
Cheibriados
Dithmenos
Elyvilon
Fedhas
Gozag
Hepliaklqana
Kikubaaqudgha
Makhleb
Nemelex Xobeh
Okawaru
Qazlal
Ru
Sif Muna
Trog
Uskayaw
Vehumet
Wu Jian
Xom
Yredelemnul
Zin
The Shining One
Beogh
Jiyva
Lugonu

Annotations:
D 1 transporter


Innate Abilities, Weirdness & Mutations

You are too large for most types of armour.
You have tough skin. (AC +1)
You are weak. (Str -2)


Message History

You kill the red devil!
Qazlal accepts your kill.
The blast of magma engulfs the orange demon!!
You kill the orange demon!
Qazlal accepts your kill.
You feel very sick. Femareat gestures at you. The bolt of acid hits you!!!
The acid corrodes you!
Your Axes skill gained 2 levels and is now at level 5!
Your Invocations skill increases to level 15!
You have reached level 11!
You feel sick. You block Femareat's attack.
SHROANNG!
Things that are here:
a tin of tremorstones (2/2); a +0 cloak of preservation
Okay, then.
Aiming: Corrosive Bolt
Press: ? - help, Shift-Dir - straight line, f - Femareat
Aim: Femareat, armed with a vampiric touch (lightly wounded, 85% to hit)
The bolt of acid hits Femareat but does no damage.
Femareat is lightly wounded.
You feel sick. You block Femareat's attack.
GONNNNG!
Aiming: Corrosive Bolt
Press: ? - help, Shift-Dir - straight line, f/p - Femareat
Aim: Femareat, armed with a vampiric touch (lightly wounded, 85% to hit)
The bolt of acid hits Femareat!!
The acid corrodes Femareat!
Femareat is moderately wounded.
You feel sick. Femareat gestures at you.
The spray of metal splinters hits you!!
Aiming: Upheaval
Press: ? - help, Dir - move target, f/p - Femareat
Aim: Femareat, armed with a vampiric touch (moderately wounded, covered in acid)
Okay, then.
As you read the scroll of holy word, it crumbles to dust.
You speak a Word of immense power!
Femareat convulses!
You feel sick. Femareat gestures at you. The bolt of acid hits you!!!
You die...

▓........▓........▓
▓.().)...▓.}|.[...▓
▓...)....▓........▓
▓...[..).▓...†....▓
▓.▓....▓.▓.▓.)..▓.▓
▓...©....▓...©....▓
▓▓▓▓▓▓▓▓▓▓▓▓▓▓▓▓▓▓▓
▓...8&8...▓..8©8..▓
▓..))☼@...▓....)..▓
▓...≈§○°..▓..).|..▓
▓.)≈○°○...▓.......▓
▓.)≈≈≈....▓.......▓
▓.........▓.......▓
▓.....≈≈≈.▓.......▓
▓≈▓≈.≈..▓≈▓.▓...▓.▓
▓≈..≈©.≈≈.▓...©...▓
▓▓▓▓▓▓▓▓▓▓▓▓▓▓▓▓▓▓▓


You could see Femareat (dazed, corroded).

Vanquished Creatures
  A tentacled starspawn (D)
  An angel (D)
  A deep elf knight (D)
  2 deep elf archers (D)
  A deep elf zephyrmancer (D)
  A shining eye (D)
  An orange demon (D)
  A smoke demon (D)
  A red devil (D)
  A slime creature (D)
  A small abomination (D)
  A ynoxinul (D)
  A sky beast (D)
  A necrophage (D)
  A wolf (D)
  A phantom (D)
  A wight (D)
  A quasit (D)
  3 jellies (D)
  2 orc priests (D)
  An iron imp (D)
  2 orc wizards (D)
  2 river rats (D)
  A white imp (D)
  2 orcs (D)
  2 bat zombies (D)
  An endoplasm (D)
  A jackal zombie (D)
  2 starspawn tentacles (D)
38 creatures vanquished.

Notes
Turn   | Place    | Note
-------+----------+-------------------------------------------
     0 | D        | dolemite99 the Ogre Monk began the quest for the Orb.
     0 | D        | Reached XP level 1. HP: 24/24 MP: 1/1
     0 | D        | Found a shimmering blue altar of Sif Muna.
     0 | D        | Found a sacrificial altar of Ru.
     0 | D        | Found a bloodstained altar of Trog.
     0 | D        | Found a stormy altar of Qazlal.
     0 | D        | Found an iron altar of Okawaru.
     0 | D        | Found a sparkling altar of Nemelex Xobeh.
     0 | D        | Found a blossoming altar of Fedhas.
     0 | D        | Found the +6 Majin-Bo {vamp, MP+6 Int+6}
     0 | D        | Found the +9 heavy crossbow "Sniper" {vorpal, Acc+∞ SInv}
     0 | D        | Found the +10 dark maul {vorpal}
     0 | D        | Found the +15 Maxwell's patent armour {-Cast -Tele rElec
                  | Will+ rCorr}
     0 | D        | Found the +18 shield of the Gong {rElec rN+ Will+ EV-5}
     0 | D        | Found the +14 obsidian axe {vorpal, Mesm Drain Fly SInv}
     0 | D        | Found the +7 great mace "Firestarter" {inner flame, rF++}
     0 | D        | Found the +6 shillelagh "Devastator" {shatter}
     0 | D        | Found the +11 plutonium sword {Contam Stlth-}
     0 | D        | Found the +8 lance "Wyrmbane" {slay drac, rPois rF+ rC+
                  | AC+3}
     0 | D        | Found the +9 sword of Zonguldrok {reap}
     0 | D        | Found the +13 scythe of Curses {drain, Drain}
     0 | D        | Found the +5 sword of Power {vorpal}
     0 | D        | Found the +7 mace of Variability {chain chaos}
     0 | D        | Found the +7 Singing Sword {vorpal, sonic wave}
     0 | D        | Found the +8 storm bow {elec, penet}
     2 | D        | Found a transporter.
     2 | D        | Found an ancient bone altar of Kikubaaqudgha.
     2 | D        | Found a viscous altar of Jiyva.
     2 | D        | Found a corrupted altar of Lugonu.
     2 | D        | Found a hazy altar of Hepliaklqana.
     2 | D        | Found a burning altar of Makhleb.
     2 | D        | Found an opulent altar of Gozag.
    72 | D        | Became a worshipper of Qazlal Stormbringer
    72 | D        | Reached * piety under Qazlal
    72 | D        | Reached ** piety under Qazlal
   118 | D        | Entered arena 2.
   118 | D        | Found a transporter.
   124 | D        | Reached skill level 1 in Invocations
   124 | D        | Reached skill level 1 in Evocations
   125 | D        | Reached skill level 2 in Invocations
   163 | D        | Entered arena 3.
   163 | D        | Noticed a wolf
   163 | D        | Found a transporter.
   170 | D        | Reached skill level 3 in Invocations
   170 | D        | Reached XP level 2. HP: 13/32 MP: 2/4
   171 | D        | Reached *** piety under Qazlal
   172 | D        | Reached skill level 4 in Invocations
   177 | D        | Killed a wolf
   178 | D        | Reached skill level 6 in Invocations
   178 | D        | Reached skill level 5 in Evocations
   178 | D        | Reached XP level 3. HP: 6/39 MP: 2/7
   178 | D        | Reached XP level 4. HP: 7/48 MP: 2/9
   449 | D        | Entered arena 4.
   449 | D        | Found a transporter.
   451 | D        | Reached skill level 7 in Invocations
   451 | D        | Reached XP level 5. HP: 54/54 MP: 10/10
   451 | D        | Reached **** piety under Qazlal
   452 | D        | Reached skill level 8 in Invocations
   462 | D        | Got the ring "Ziewiji" {AC+4 Int+4}
   484 | D        | Entered arena 5.
   484 | D        | Noticed a deep elf zephyrmancer
   484 | D        | Noticed a deep elf knight
   484 | D        | Noticed a deep elf archer
   484 | D        | Noticed a deep elf archer
   484 | D        | Found a transporter.
   486 | D        | Killed a deep elf knight
   487 | D        | Reached skill level 5 in Shields
   487 | D        | Reached skill level 10 in Invocations
   487 | D        | Reached XP level 6. HP: 40/74 MP: 12/14
   487 | D        | Reached XP level 7. HP: 43/81 MP: 12/15
   488 | D        | Killed a deep elf archer
   489 | D        | Reached skill level 10 in Fighting
   489 | D        | Reached skill level 11 in Invocations
   489 | D        | Reached XP level 8. HP: 61/93 MP: 8/16
   491 | D        | Killed a deep elf archer
   491 | D        | Killed a deep elf zephyrmancer
   492 | D        | Reached skill level 12 in Invocations
   492 | D        | Reached XP level 9. HP: 60/106 MP: 0/18
   775 | D        | Entered arena 6.
   775 | D        | Noticed a tentacled starspawn
   775 | D        | Noticed an angel
   775 | D        | Found a transporter.
   781 | D        | Reached skill level 10 in Evocations
   781 | D        | Killed a tentacled starspawn
   782 | D        | Reached skill level 13 in Invocations
   782 | D        | Reached XP level 10. HP: 91/119 MP: 0/20
   783 | D        | Killed an angel
   784 | D        | Reached skill level 10 in Shields
   784 | D        | Reached skill level 14 in Invocations
   887 | D        | Got Spellweaving 101
   889 | D        | Got the +7 flail "Udir" {protect, rC++ Int+3 Dex-4}
   900 | D        | Entered arena 7.
   902 | D        | Reached ***** piety under Qazlal
   909 | D        | Found a transporter.
   915 | D        | Got the ring of Impatience {rPois Will+}
   927 | D        | Got the +6 spear of the Morning {vamp, Str+6 Dex+3}
   931 | D        | Entered arena 8.
   931 | D        | Noticed a shining eye
   931 | D        | Gained mutation: You are weak. (Str -2) [a shining eye]
   933 | D        | Killed a shining eye
   935 | D        | Found a transporter.
  1100 | D        | Got the Collected Works on Contamination and Transmutation
  1105 | D        | Entered arena 9.
  1105 | D        | Noticed Femareat the pandemonium lord
  1105 | D        | Noticed a smoke demon
  1105 | D        | Noticed an orange demon
  1108 | D        | Found a transporter.
  1109 | D        | Killed a smoke demon
  1109 | D        | Killed an orange demon
  1109 | D        | Reached ****** piety under Qazlal
  1110 | D        | Reached skill level 5 in Axes
  1110 | D        | Reached skill level 15 in Invocations
  1110 | D        | Reached XP level 11. HP: 85/131 MP: 5/22
  1113 | D        | Killed from afar by Femareat the pandemonium lord

Illustrated notes

Levels and vault maps discovered:
D:        sprint_v [room_start, room_1, room_2, room_3, room_4, room_5, room_6,
          room_7, room_8, room_9, room_10, room_11, room_12, room_13, room_14,
          room_15, room_16, room_17, room_18, room_19, room_20, room_21,
          room_22, room_23, room_24, room_25, room_26, room_27]

Skill      XL: |  1  2  3  4  5  6  7  8  9 10 |
---------------+-------------------------------+-----
Invocations    | 3 6 7 10 11 12 13 15 | 15.0
Evocations     | 2 5 8 9 10 11 | 11.5
Fighting       | 8 10 11 13 14 | 14.4
Shields        | 5 6 7 9 12 | 12.2
Axes           | 5 |  5.4
Dodging        | |  2.6
Stealth        | |  1.4

Action                   |  1- 3 |  4- 6 |  7- 9 | 10-12 || total
-------------------------+-------+-------+-------+-------++-------
Melee: Hand axe          |    16 |       |       |     7 ||    23
Invok: Upheaval          |       |       |     6 |     6 ||    12
       Elemental Force   |       |       |     1 |       ||     1
       Disaster Area     |       |       |       |     1 ||     1
Evoke: Wand              |       |     4 |     3 |     5 ||    12
  Use: Potion            |     2 |       |     1 |       ||     3
       Scroll            |       |       |       |     2 ||     2
 Stab: Invisible         |     1 |       |       |       ||     1
Armor: Storm dragon scal |    15 |       |     2 |     4 ||    21
Dodge: Dodged            |     8 |       |       |       ||     8
Block: Other             |     4 |       |       |       ||     4
       Kite shield       |       |     1 |     4 |    13 ||    18

Table legend: (Time is in decaauts)
 A = Elapsed time spent in this place.
 B = Non-inter-level travel time spent in this place.
 C = Inter-level travel time spent in this place.
 D = Time resting spent in this place.
 E = Time spent auto-exploring this place.
 F = Levels seen in this place.
 G = Mean time per level.
                   A        B        C        D        E       F      G
               +--------+--------+--------+--------+--------+-----+--------+
         Total |   1117 |   1117 |      0 |    809 |      0 |   1 | 1117.0 |
       Dungeon |   1117 |   1117 |      0 |    809 |      0 |   1 | 1117.0 |
               +--------+--------+--------+--------+--------+-----+--------+

Top non-repeatable levels by time:
       D: 1117 daAuts
